 Dungeon Crawl Stone Soup version 0.30-b1-2-g02819fbbbe (webtiles) character file.

Game seed: 16504511984709416079

113 Mesmaeker13 the Conjurer (level 4, -3/36 (37) HPs)
             Began as a Demigod Reaver on June 20, 2023.
             Slain by a phantom (4 damage)
             ... on level 4 of the Dungeon.
             The game lasted 00:03:49 (2855 turns).

Mesmaeker13 the Conjurer (Demigod Reaver)           Turns: 2855, Time: 00:03:50

HP:   -3/36 (37)    AC:  3    Str: 13    XL:     4   Next: 39%
MP:   10/10         EV: 12    Int: 19    God:
Gold: 182           SH:  0    Dex: 12    Spells: 6/7 levels left

rFire   . . .        t - +1 falchion (elec)
rCold   . . .        (no shield)
rNeg    . . .        b - +0 leather armour
rPois   .            (no helmet)
rElec   .            (no cloak)
rCorr   .            (no gloves)
SInv    .            (no boots)
Will    .....        (no amulet)
Stlth   +            (no ring)
HPRegen 0.26/turn    (no ring)
MPRegen 0.12/turn

%: no passive effects
@: lightly drained
A: high MP 1, forlorn, divine attributes
a: no special abilities


You were on level 4 of the Dungeon.
You visited 1 branch of the dungeon, and saw 4 of its levels.

You collected 182 gold pieces.

Inventory:

Hand Weapons
 p - a +3 war axe
 t - a +1 falchion of electrocution (weapon)
Armour
 b - a +0 leather armour (worn)
 d - a +0 chain mail
Magical Staves
 i - a staff of conjuration
Scrolls
 a - a scroll of enchant weapon {unknown}
 e - a scroll of amnesia {unknown}
 f - 2 scrolls of enchant armour {unknown}
 g - 2 scrolls of fear {unknown}
 n - 2 scrolls of identify {unknown}
 o - a scroll of vulnerability {unknown}
 v - a scroll of fog {unknown}
 w - a scroll of noise {unknown}
Potions
 c - a potion of cancellation {unknown}
 h - a potion of flight {unknown}
 j - a potion of might {unknown}
 k - a potion of curing
 l - a potion of heal wounds {unknown}
 m - a potion of haste {unknown}
 r - a potion of degeneration {unknown}
 s - a potion of mutation {unknown}
 u - a potion of ambrosia {unknown}


   Skills:
 + Level 2.6 Fighting
 - Level 2.6 Short Blades
 - Level 0.2 Axes
 + Level 2.5 Dodging
 + Level 2.4 Spellcasting
 + Level 3.3 Conjurations
 + Level 1.0 Necromancy


You had 6 spell levels left.
You knew the following spells:

 Your Spells              Type           Power      Damage    Failure   Level
a - Kiss of Death         Conj/Necr      40%        2d8       9%          1

Your spell library contained the following spells:

 Spells                   Type           Power      Damage    Failure   Level
 Momentum Strike          Conj/Tloc      16%        3d8       16%         2
 Hailstorm                Conj/Ice       8%         3d4       30%         3
 Chain Lightning          Conj/Air       4%         3d5       100%        9
 Fire Storm               Conj/Fire      4%         8d1       100%        9
 Shatter                  Erth           1%         3d5*      100%        9


Dungeon Overview and Level Annotations

Branches:
Dungeon (4/15)
 Temple: D:4-7

Shops:
D:2 !

Annotations:
D:2 Sigmund


Innate Abilities, Weirdness & Mutations

You have an increased reservoir of magic. (+10% MP)
You shall have no god before yourself.
Your divine heritage dramatically boosts your attributes as you level up.


Message History

You hear a shout!
You closely miss the phantom.
The phantom is lightly damaged.
The phantom hits you.
You hit the howler monkey.
The howler monkey is almost dead.
The howler monkey misses you. The phantom hits you.
The phantom blinks!
You blink.
You closely miss the phantom.
The phantom is lightly damaged.
The phantom closely misses you.
The howler monkey hoots and howls with incredible vigour!
The phantom hits you.
* * * LOW HITPOINT WARNING * * *
The phantom blinks!
You blink.
You hear a shout!
You hit the howler monkey.
Lightning courses through the howler monkey!
You kill the howler monkey!
The phantom hits you.
* * * LOW HITPOINT WARNING * * *
Your Necromancy skill increases to level 1!
You have reached level 4!
It was a potion of curing.
You feel better. The phantom barely misses you.
Casting: Kiss of Death (safe; 9% risk of failure)
Confirm with . or Enter, or press ? or * to list all spells.
Okay, then.
You barely miss the phantom.
The phantom is lightly damaged.
The phantom hits you.
* * * LOW HITPOINT WARNING * * *
The phantom blinks!
You blink.
You hit the phantom.
The phantom is moderately damaged.
The phantom hits you.
* * * LOW HITPOINT WARNING * * *
You miss the phantom.
The phantom is moderately damaged.
The phantom hits you.
You die...

#.....####...#
##...#)......#
##..###.....#.#
##..##
##<.†§#.#
##..## #......#
#...## #......#
####.##
##.....##
##.###......#
##.@..(....#
##..W.######
###..##(.#
#...####.#
.........# .#
....####.# #.
..# ##. .# . .#
.. ..


You could see a phantom.

Vanquished Creatures
  A howler monkey (D:4)
  An adder (D:3)
  A worm (D:3)
  3 dart slugs
  An orc (D:3)
  5 ball pythons
  7 endoplasms
  2 giant cockroaches
  5 goblins
  5 hobgoblins
  5 kobolds
  A quokka (D:1)
  7 bats
  3 frilled lizards (D:2)
  6 rats
53 creatures vanquished.

Notes
Turn   | Place    | Note
-------+----------+-------------------------------------------
     0 | D:1      | Mesmaeker13 the Demigod Reaver began the quest for the Orb.
     0 | D:1      | Reached XP level 1. HP: 17/17 MP: 5/5
   242 | D:1      | Noticed a great orb of eyes
   260 | D:1      | Reached XP level 2. HP: 17/24 MP: 7/7
   307 | D:1      | Noticed a golden eye
   371 | D:1      | Noticed a great orb of eyes
   512 | D:1      | Reached skill level 3 in Conjurations
   763 | D:1      | Noticed a shining eye
  1027 | D:2      | Reached XP level 3. HP: 29/29 MP: 8/8
  1128 | D:2      | Found Eteximp's Distillery.
  1818 | D:2      | Noticed Sigmund
  2828 | D:4      | Noticed a phantom
  2851 | D:4      | HP: 1/26 [phantom (4)]
  2852 | D:4      | Reached skill level 1 in Necromancy
  2852 | D:4      | Reached XP level 4. HP: 2/36 MP: 10/10
  2855 | D:4      | Slain by a phantom

Illustrated notes

Levels and vault maps discovered:
D:1:      minmay_arrival_arboretum_small, layout_loops_ring,
          hellmonk_ecumenical_altar_watching_god
D:2:      layout_basic, serial_shops, nicolae_shop_just_a_little_nook,
          minmay_misc_feat_plants, uniq_sigmund
D:3:      layout_loops_corners, minmay_shallow_snake_nest
D:4:      layout_layer_cave

Skill      XL: |  1  2  3 |
---------------+----------+-----
Fighting       | 2 |  2.6
Dodging        | 2 |  2.5
Spellcasting   | 2 |  2.4
Conjurations   | 3 |  3.3
Necromancy     | 1 |  1.0
Short Blades   | |  2.6
Axes           | |  0.2

Action                     |  1- 3 |  4- 6 || total
---------------------------+-------+-------++-------
  Melee: Short sword       |   143 |       ||   143
         Falchion          |    22 |     3 ||    25
         War axe           |    22 |       ||    22
  Throw: Javelin           |     3 |       ||     3
   Cast: Kiss of Death     |     1 |       ||     1
    Use: Potion            |       |     1 ||     1
   Stab: Sleeping          |     1 |       ||     1
 Armour: Leather armour    |    51 |       ||    51
  Dodge: Dodged            |   106 |     1 ||   107
